 Dungeon Crawl Stone Soup version 0.22.1 (webtiles) character file.

57 topirishpotato the Shield-Bearer (level 4, -6/37 HPs)
             Began as a Barachi Fighter on Sept 18, 2018.
             Killed by divine providence
             ... invoked by an orc priest
              (17 damage)
             ... on level 3 of the Dungeon.
             The game lasted 00:03:23 (1637 turns).

topirishpotato the Shield-Bearer (Barachi Fighter)  Turns: 1637, Time: 00:03:23

Health: -6/37      AC:  7    Str: 18    XL:     4   Next: 0%
Magic:  4/4        EV:  7    Int:  8    God:
Gold:   75         SH:  0    Dex: 12    Spells: 3/3 levels left

rFire    . . .     SeeInvis .   a - +0 war axe
rCold    . . .     Gourm    .   c - +0 shield
rNeg     . . .     Faith    .   b - +0 scale mail
rPois    .         Spirit   .   (no helmet)
rElec    .         Reflect  .   (no cloak)
rCorr    .         Harm     .   (no gloves)
MR       .....                  (no boots)
Stlth    ..........             (no amulet)
HPRegen  0.12/turn              (no ring)
MPRegen  0.09/turn              (no ring)

@: confused, slow
A: +LOS, swims, slowness 1, strong legs 1
a: Hop


You were on level 3 of the Dungeon.
You were not hungry.

You visited 1 branch of the dungeon, and saw 3 of its levels.

You collected 75 gold pieces.

Inventory:

Hand Weapons
 a - a +0 war axe (weapon)
Armour
 b - a +0 scale mail (worn)
 c - a +0 shield (worn)
Jewellery
 o - a +4 ring of slaying {unknown}
Scrolls
 g - 6 scrolls of remove curse {unknown}
 h - 4 scrolls of teleportation {unknown}
 i - a scroll of enchant weapon {unknown}
 m - 2 scrolls of identify {unknown}
 n - a scroll of amnesia {unknown}
 p - 3 scrolls of fog {unknown}
Potions
 d - a potion of might
 e - 2 potions of degeneration {unknown}
 j - 2 potions of heal wounds {unknown}
 k - a potion of haste {unknown}
 l - a potion of curing {unknown}
 q - a potion of agility {unknown}
Comestibles
 f - 3 rations


   Skills:
 + Level 4.2 Fighting
 - Level 2.1 Axes
 + Level 4.1 Armour
 + Level 0.7 Dodging
 * Level 4.3 Shields


You had 3 spell levels left.
You didn't know any spells.
Your spell library was empty.

Dungeon Overview and Level Annotations

Branches:
Dungeon (3/15)

Altars:
Xom


Innate Abilities, Weirdness & Mutations

Shadows flee at your approach. (+LOS)
You can swim through water.
You cover ground slowly.
You can hop short distances.


Message History

The orc wizard hits you but does no damage.
You slash the orc wizard!
The orc wizard is severely wounded.
The orc wizard gestures at you while chanting.
You are confused.
The orc priest calls down the wrath of Beogh upon you.
Beogh smites you!
An orc priest comes into view. It is wielding a trident.
You bump into the rock wall.
The orc hits you with a mace.
You bump into the rock wall.
The orc wizard mumbles some strange words.
The orc wizard flickers and vanishes!
Deactivating autopickup; reactivate with Ctrl-A.
You bump into the rock wall.
The orc barely misses you.
The orc priest calls down the wrath of Beogh upon you.
Beogh smites you!
* * * LOW HITPOINT WARNING * * *
The orc priest calls down the wrath of Beogh upon you.
Beogh smites you!
You die...

#.....###.##.##.#
#....>....##.##.#
#.....##...#.##.#
#.....###.......#
##.##.# #.)).#...
#.##.###..####.#
##.##.....## #.#
##..##.#...# #.#
#@.###.##..# #.#
#o## #.##..# #..
#.# ..##..# ###
#># ####(#


oo# #.## ..## #..# ... #..# .... #### ..... You could see 2 orc priests and an
orc.

Vanquished Creatures
  2 adders (D:2)
  An ooze (D:1)
  A worm (D:2)
  2 leopard geckos
  4 orcs (D:3)
  2 goblins (D:1)
  2 hobgoblins
  2 kobolds
  A quokka (D:2)
  3 bats
  A frilled lizard (D:2)
  7 rats
28 creatures vanquished.

Notes
Turn   | Place    | Note
-------+----------+-------------------------------------------
     0 | D:1      | topirishpotato the Barachi Fighter began the quest for the
                  | Orb.
     0 | D:1      | Reached XP level 1. HP: 18/18 MP: 1/1
   142 | D:1      | Found a shimmering altar of Xom.
   274 | D:1      | Reached XP level 2. HP: 21/25 MP: 2/2
   971 | D:2      | Reached XP level 3. HP: 30/30 MP: 3/3
  1590 | D:3      | Reached XP level 4. HP: 37/37 MP: 4/4
  1637 | D:3      | Killed from afar by an orc priest

Skill      XL: |  1  2 |
---------------+-------+-----
Fighting       | 4 |  4.2
Armour         | 4 |  4.1
Shields        | 4 |  4.3
Axes           | |  2.1
Dodging        | |  0.7

Action                   |  1- 3 |  4- 6 || total
-------------------------+-------+-------++-------
Melee: War axe           |    97 |     6 ||   103
  Eat: Chunk             |     1 |       ||     1
       Ration            |       |     1 ||     1
Armor: Scale mail        |    53 |     1 ||    54
Dodge: Dodged            |    29 |     2 ||    31
Block: Shield            |    60 |     3 ||    63
